 Dungeon Crawl Stone Soup version 0.23-a0-239-g84a5ed292d (webtiles) character file.

1901 PikkenKukken the Basher (level 9, -4/54 HPs)
             Began as a Gargoyle Fighter on Sept 26, 2018.
             Was a Follower of Okawaru.
             Slain by a two-headed ogre
             ... wielding a +0 giant spiked club
              (21 damage)
             ... on level 7 of the Dungeon.
             The game lasted 00:10:08 (5647 turns).

PikkenKukken the Basher (Gargoyle Fighter)          Turns: 5647, Time: 00:10:08

Health: -4/54      AC: 18    Str: 24    XL:     9   Next: 15%
Magic:  10/10      EV:  8    Int:  8    God:    Okawaru [*.....]
Gold:   303        SH:  4    Dex:  9    Spells: 8/8 levels left

rFire    + . .     SeeInvis .   A - +1 whip
rCold    + . .     Gourm    .   h - +0 buckler {reflect}
rNeg     + . .     Faith    .   i - +0 plate armour
rPois    ∞         Spirit   .   (no helmet)
rElec    +         Reflect  +   (no cloak)
rCorr    .         Harm     .   (no gloves)
MR       .....                  (no boots)
Stlth    ..........             (no amulet)
HPRegen  0.18/turn              o - ring of protection from fire
MPRegen  0.12/turn              r - ring of protection from cold

@: no status effects
A: negative energy resistance 1, electricity resistance, unbreathing,
petrification resistance, rot immunity, AC +6
a: Heroism, Renounce Religion


You were on level 7 of the Dungeon.
You worshipped Okawaru.
Okawaru was aware of your devotion.
You were not hungry.

You visited 2 branches of the dungeon, and saw 8 of its levels.

You collected 303 gold pieces.

Inventory:

Hand Weapons
 a - a +0 flail
 v - a +1 mace of draining
 A - a +1 whip (weapon)
Armour
 b - a +0 scale mail
 c - a +0 shield
 h - a +0 buckler of reflection (worn)
 i - a +0 plate armour (worn)
 k - a +1 chain mail
Jewellery
 o - a ring of protection from fire (left hand)
 r - a ring of protection from cold (right hand)
 y - an uncursed ring of flight
 B - an uncursed ring of protection from cold
 D - an uncursed ring of protection from fire
Wands
 d - a wand of digging (6)
 C - a wand of clouds (5)
Scrolls
 e - 4 scrolls of blinking
 g - 3 scrolls of remove curse
 j - a scroll of magic mapping
 p - 2 scrolls of amnesia
 q - a scroll of teleportation
 s - 2 scrolls of identify
 z - a scroll of fog
Potions
 l - 2 potions of agility
 m - a potion of invisibility {unknown}
 n - a potion of degeneration {unknown}
 t - a potion of brilliance {unknown}
 u - 2 potions of flight
 w - 2 potions of curing {unknown}
 x - a potion of lignification {unknown}
Comestibles
 f - 10 rations
 E - 2 chunks of flesh


   Skills:
 + Level 5.4 Fighting
 * Level 10.7 Maces & Flails
 + Level 5.3 Armour
 + Level 2.9 Dodging
 + Level 5.3 Shields
 + Level 1.3 Invocations


You had 8 spell levels left.
You didn't know any spells.
Your spell library contained the following spells:

 Spells                   Type           Power        Failure   Level  Hunger
 Infusion                 Chrm           #...         100%        1    ##.....
 Shroud of Golubria       Chrm/Tloc      #.........   100%        2    ###....
 Song of Slaying          Chrm           #.......     100%        2    ###....
 Regeneration             Chrm/Necr      #.........   100%        3    ####...
 Spectral Weapon          Hex/Chrm       #.......     100%        3    ####...


Dungeon Overview and Level Annotations

Branches:
Dungeon (7/15)             Temple (1/1) D:6

Altars:
Ashenzari
Cheibriados
Dithmenos
Elyvilon
Hepliaklqana
Makhleb
Nemelex Xobeh
Okawaru
Qazlal
Ru
Sif Muna
Trog
Uskayaw
Vehumet
Wu Jian
Xom
Zin
The Shining One


Innate Abilities, Weirdness & Mutations

You are resistant to torment.
Your stone body is resilient. (AC +6)
You are immune to poison.
You resist negative energy. (rN+)
You are resistant to electric shocks. (rElec)
You can survive without breathing.
You are immune to petrification.
You are immune to rotting.


Message History

You barely miss the two-headed ogre.
The two-headed ogre is heavily wounded.
You feel like a meek peon again. The two-headed ogre barely misses you.
The two-headed ogre hits you but does no damage.
You hit the two-headed ogre but do no damage.
The two-headed ogre is moderately wounded.
You whack the two-headed ogre!
The two-headed ogre is heavily wounded.
The two-headed ogre hits you with a giant spiked club!
The two-headed ogre hits you but does no damage.
You whack the two-headed ogre!
The two-headed ogre is severely wounded.
You whack the two-headed ogre!
The two-headed ogre is almost dead.
You hit the two-headed ogre.
The two-headed ogre is almost dead.
The two-headed ogre hits you with a giant spiked club!
The two-headed ogre hits you with a giant club!!
You die...

.## #.# #............#
#.#########.#####..........#
.##..........# #..........#
#.#..........####..........#
.##..................#######
#.##################.# .##
#.....# #.# #.##### .## #@#
#.# ###O##### .## #.hhh...#
.....# #..o....# .....#
#.......# .....# #.......#
###### #.......# ###
#..†....# ..# ###.#####


You could see a two-headed ogre, an orc and 3 jackals.

Vanquished Creatures
  A sky beast (D:5)
  An orc warrior (D:6)
  An ice beast (D:5)
  5 ogres
  2 phantoms
  A water moccasin skeleton (D:7)
  A scorpion (D:6)
  5 crimson imps
  A bullfrog zombie (D:6)
  3 orc wizards
  3 orc priests
  2 hounds
  2 jellies
  An iguana (D:6)
  Natasha (twice) (D:4 D:6)
  7 worker ants
  A hound zombie (D:7)
  3 adders
  2 shadow imps (D:5)
  2 oozes
  An adder zombie (D:5)
  2 adder skeletons (D:4)
  12 orcs
  3 ball pythons
  4 giant cockroaches
  11 hobgoblins
  16 jackals
  6 quokkas
  A ball python skeleton (D:4)
  8 bats
  4 frilled lizards
  A giant cockroach zombie (D:5)
  8 goblins
  A jackal skeleton (D:6)
  7 kobolds
  A quokka skeleton (D:7)
  5 rats
137 creatures vanquished.

Notes
Turn   | Place    | Note
-------+----------+-------------------------------------------
     0 | D:1      | PikkenKukken the Gargoyle Fighter began the quest for the
                  | Orb.
     0 | D:1      | Reached XP level 1. HP: 14/14 MP: 1/1
   292 | D:1      | Reached XP level 2. HP: 19/19 MP: 2/2
   483 | D:1      | Reached skill level 9 in Maces & Flails
   483 | D:1      | Reached XP level 3. HP: 23/23 MP: 3/3
   935 | D:2      | Reached XP level 4. HP: 27/28 MP: 4/4
  1033 | D:2      | Found a hazy altar of Hepliaklqana.
  1659 | D:3      | Reached XP level 5. HP: 32/32 MP: 5/5
  1676 | D:3      | Found a sparkling altar of Nemelex Xobeh.
  1815 | D:3      | Found a bloodstained altar of Trog.
  1817 | D:3      | Found a sacrificial altar of Ru.
  2024 | D:4      | Noticed Natasha
  2026 | D:4      | Noticed a phantom
  2040 | D:4      | Killed Natasha
  2256 | D:4      | Killed a phantom
  2256 | D:4      | Reached skill level 1 in Dodging
  2256 | D:4      | Reached XP level 6. HP: 28/38 MP: 6/6
  2455 | D:4      | Found a stormy altar of Qazlal.
  2796 | D:5      | Entered Level 5 of the Dungeon
  2922 | D:5      | Reached XP level 7. HP: 34/43 MP: 7/7
  3112 | D:5      | Reached skill level 10 in Maces & Flails
  3324 | D:5      | Reached XP level 8. HP: 48/48 MP: 8/8
  3673 | D:6      | Found a sparkling altar of Nemelex Xobeh.
  3871 | D:6      | Found a staircase to the Ecumenical Temple.
  3872 | D:6      | Noticed Natasha
  3881 | D:6      | Killed Natasha
  3886 | Temple   | Entered the Ecumenical Temple
  3917 | Temple   | Became a worshipper of Warmaster Okawaru
  4023 | D:6      | Reached skill level 5 in Fighting
  4023 | D:6      | Reached skill level 5 in Armour
  4121 | D:6      | Reached skill level 5 in Shields
  4475 | D:6      | Found a deep blue altar of Sif Muna.
  4698 | D:6      | HP: 1/49 [orc warrior/battleaxe (13)]
  4703 | D:6      | Reached * piety under Okawaru
  4703 | D:6      | Reached XP level 9. HP: 2/54 MP: 9/9
  5211 | D:7      | Reached skill level 1 in Invocations
  5623 | D:7      | Noticed a two-headed ogre
  5647 | D:7      | Slain by a two-headed ogre

Vault maps used:
D:1:      ebering_hopf_link
D:2:      marbit_many_paths
D:3:      chequers_temple_overflow_statue_of_worship, minmay_stone_trees_small,
          nemelex_dance_club_becter
D:4:      grunt_qazlal_sundering, uniq_natasha
D:5:      first_ration
D:6:      led_sif_pool, lemuel_round_altar, minmay_temple_entry_junction_2
D:7:      lemuel_coloured_pillars_altar
Temple:   minmay_temple_bridge_abc

Skill      XL: |  1  2  3  4  5  6  7  8  9 |
---------------+----------------------------+-----
Maces & Flails | 9 10 | 10.7
Dodging        | 1 2 |  2.9
Fighting       | 4 5 |  5.4
Shields        | 4 5 |  5.3
Armour         | 4 5 |  5.3
Invocations    | 1 |  1.3

Action                   |  1- 3 |  4- 6 |  7- 9 || total
-------------------------+-------+-------+-------++-------
Melee: Flail             |    95 |   196 |    38 ||   329
       Mace              |       |       |   209 ||   209
       Whip              |       |       |    28 ||    28
Invok: Heroism           |       |       |     1 ||     1
  Use: Scroll            |     9 |     2 |     4 ||    15
       Potion            |     1 |       |     2 ||     3
  Eat: Chunk             |       |     6 |     6 ||    12
       Ration            |       |       |     1 ||     1
Armor: Scale mail        |     9 |       |       ||     9
       Chain mail        |    29 |   110 |    84 ||   223
       Plate armour      |       |       |    25 ||    25
Dodge: Dodged            |    25 |    36 |    73 ||   134
Block: Shield            |    46 |    78 |       ||   124
       Buckler           |       |     4 |    40 ||    44
       Reflection        |       |       |     1 ||     1

Table legend:
 A = Non-vault XP
 B = Vault XP
 C = Vault XP percentage of total XP
 D = Non-vault monster count
 E = Vault monster count
 F = Vault count percentage of total count
                 A         B        C        D         E       F
            +---------+---------+-------+---------+---------+-------
      Total |    2636 |      48 |   1.8 |     133 |       4 |   2.9
            +---------+---------+-------+---------+---------+-------
        D:1 |      24 |       0 |   0.0 |      16 |       0 |   0.0
        D:2 |      71 |       2 |   2.7 |      29 |       1 |   3.3
        D:3 |      47 |      10 |  17.5 |      20 |       2 |   9.1
        D:4 |     369 |      36 |   8.9 |      12 |       1 |   7.7
        D:5 |     994 |       0 |   0.0 |      22 |       0 |   0.0
        D:6 |     863 |       0 |   0.0 |      21 |       0 |   0.0
        D:7 |     268 |       0 |   0.0 |      13 |       0 |   0.0
            +---------+---------+-------+---------+---------+-------
